 Dungeon Crawl Stone Soup version 0.23.2-1-ga50397a (webtiles) character file.

Game seed: 3290950378696951083

166163 shadizar the Warrior (level 17, -10/113 HPs)
             Began as a Gargoyle Fighter on May 5, 2019.
             Was a High Priest of the Shining One.
             Killed from afar by a merfolk aquamancer (23 damage)
             ... with a shard of ice
             ... on level 4 of the Shoals.
             The game lasted 01:19:14 (27745 turns).

shadizar the Warrior (Gargoyle Fighter)            Turns: 27745, Time: 01:19:15

Health: -10/113    AC: 43    Str: 26    XL:     17   Next: 89%
Magic:  17/26      EV: 16    Int: 21    God:    the Shining One [*****.]
Gold:   2241       SH:  0    Dex: 16    Spells: 16/16 levels left

rFire    . . .     SeeInvis +   h - +7 war axe (venom)
rCold    . . .     Gourm    .   c - +0 shield
rNeg     + + +     Faith    .   n - +1 plate armour of Elyvilon's Pride {rPois Int+5}
rPois    ∞         Spirit   .   q - +2 helmet {SInv}
rElec    +         Reflect  .   U - +1 cloak
rCorr    +         Harm     .   L - +2 pair of gloves {archery}
MR       +....                  y - +2 pair of boots "Pekk" {Int+4 Dex+4}
Stlth    ..........             T - amulet of rage
HPRegen  0.28/turn              X - ring of resist corrosion
MPRegen  0.20/turn              S - ring "Bihayboje" {EV+3 Int+4 Dex+3}

@: confused, divine shield, berserk cooldown, flying, mesmerised, slowed,
glowing, very slow
A: big wings, blurry vision 1, dopey 1, negative energy resistance 1,
electricity resistance, unbreathing, petrification resistance, rot immunity, AC
+12
a: Stop Flying, Divine Shield, Cleansing Flame, Summon Divine Warrior, Renounce
Religion, Evoke Berserk Rage


You were on level 4 of the Shoals.
You worshipped the Shining One.
The Shining One was extremely pleased with you.
You were near starving.

You visited 5 branches of the dungeon, and saw 27 of its levels.
You visited the Abyss 1 time.
You also visited: Gauntlet and Volcano.

You collected 2899 gold pieces.
You spent 658 gold pieces at shops.

Inventory:

Hand Weapons
 h - a +7 war axe of venom (weapon)
 v - a +3 flail of crushing
 w - the +8 whip of Cakycoz {flame, *Rage Int+5}
   (You found it on level 12 of the Dungeon)

   It has been specially enchanted to burn those struck by it, causing extra
   injury to most foes and up to half again as much damage against particularly
   susceptible opponents.
   It affects your intelligence (+5).
   It may make you go berserk in combat.
 Z - the +8 falchion "Raecey" {slice, rF+ Int+2, unknown}
   (You found it on level 13 of the Dungeon)

   It inflicts extra damage upon your enemies.
   It affects your intelligence (+2).
   It protects you from fire.
Armour
 c - a +0 shield (worn)
 d - a +3 chain mail of cold resistance
 n - the +1 plate armour of Elyvilon's Pride (worn) {rPois Int+5}
   (You acquired it on level 4 of the Lair of Beasts)

   It affects your intelligence (+5).
   It protects you from poison.
 q - a +2 helmet of see invisible (worn)
 y - the +2 pair of boots "Pekk" (worn) {Int+4 Dex+4}
   (You bought it in a shop on level 2 of the Orcish Mines)

   It affects your intelligence (+4).
   It affects your dexterity (+4).
 L - a +2 pair of gloves of archery (worn)
 U - a +1 cloak (worn)
 W - a +0 crystal plate armour
Jewellery
 l - an uncursed ring of ice
 p - an uncursed ring of ice
 F - an uncursed ring of fire
 M - the ring of Cecycs {Fire Str+7 Int+2}
   (You found it in a Gauntlet)

   [ring of fire]

   It enhances your fire magic.
   It affects your strength (+7).
   It affects your intelligence (+2).
   It protects you from fire.
   It makes you vulnerable to cold.
 S - the ring "Bihayboje" (right hand) {EV+3 Int+4 Dex+3}
   (You found it in a Gauntlet)

   [ring of evasion]

   It affects your evasion (+3).
   It affects your intelligence (+4).
   It affects your dexterity (+3).
 T - an amulet of rage (around neck)
 X - a ring of resist corrosion (left hand)
Wands
 a - a wand of disintegration (19)
 B - a wand of paralysis (6)
 H - a wand of flame (41)
 I - a wand of enslavement (7)
 N - a wand of digging (10)
 Q - a wand of iceblast (31)
Scrolls
 e - 2 scrolls of enchant armour
 g - 18 scrolls of teleportation
 i - 2 scrolls of blinking
 k - 4 scrolls of fog
 o - 5 scrolls of enchant weapon
 s - 9 scrolls of identify
 x - 5 scrolls of remove curse
 J - a scroll of amnesia
Potions
 b - 3 potions of resistance
 j - a potion of curing
 m - 4 potions of agility
 r - a potion of ambrosia
 u - 3 potions of brilliance
 z - 5 potions of magic
 A - 6 potions of haste
 C - 2 potions of mutation
 D - 6 potions of lignification
 O - a potion of berserk rage
 R - 2 potions of might
Miscellaneous
 t - a fan of gales
 P - a sack of spiders
Comestibles
 f - 33 rations
 E - a chunk of flesh


   Skills:
 + Level 15.1 Fighting
 + Level 10.4(11.7) Axes
 + Level 9.8(12.0) Maces & Flails
 + Level 13.6 Armour
 + Level 9.8 Dodging
 + Level 13.6 Shields
 + Level 12.4 Invocations
 - Level 7.3 Evocations


You had 16 spell levels left.
You didn't know any spells.
Your spell library contained the following spells:

 Spells                   Type           Power        Failure   Level  Hunger
 Animate Skeleton         Necr           N/A          85%         1    ##.....
 Apportation              Tloc           #.....       85%         1    ##.....
 Beastly Appendage        Tmut           #.....       85%         1    ##.....
 Flame Tongue             Conj/Fire      #....        85%         1    ##.....
 Pain                     Necr           #...         85%         1    ##.....
 Summon Butterflies       Summ           #.......     85%         1    ##.....
 Corpse Rot               Necr           N/A          94%         2    ###....
 Sticks to Snakes         Tmut           #.......     94%         2    ###....
 Throw Flame              Conj/Fire      #.....       94%         2    ###....
 Throw Frost              Conj/Ice       #.....       94%         2    ###....
 Call Canine Familiar     Summ           #.......     99%         3    ####...
 Confuse                  Hex            #.......     99%         3    ####...
 Conjure Flame            Conj/Fire      #.......     99%         3    ####...
 Inner Flame              Hex/Fire       #.......     99%         3    ####...
 Regeneration             Chrm/Necr      #.........   99%         3    ####...
 Spider Form              Tmut/Pois      #.........   99%         3    ####...
 Static Discharge         Conj/Air       #.......     99%         3    ####...
 Summon Guardian Golem    Hex/Summ       #.......     99%         3    ####...
 Tukima's Dance           Hex            #.......     99%         3    ####...
 Vampiric Draining        Necr           #.........   99%         3    ####...
 Animate Dead             Necr           N/A          100%        4    #####..
 Ice Form                 Ice/Tmut       #.......     100%        4    #####..
 Olgreb's Toxic Radiance  Pois           #.......     100%        4    #####..
 Sticky Flame             Conj/Fire      #.......     100%        4    #####..
 Summon Lightning Spire   Summ/Air       #.......     100%        4    #####..
 Agony                    Necr           #.......     100%        5    ######.
 Blade Hands              Tmut           #.........   100%        5    ######.
 Bolt of Draining         Conj/Necr      #.........   100%        5    ######.
 Bolt of Magma            Conj/Fire/Erth #.........   100%        5    ######.
 Dispel Undead            Necr           #.......     100%        5    ######.
 Excruciating Wounds      Chrm/Necr      #.........   100%        5    ######.
 Fireball                 Conj/Fire      #.........   100%        5    ######.
 Iskenderun's Battlesphe  Conj/Chrm      #.......     100%        5    ######.
 Silence                  Hex/Air        #.........   100%        5    ######.
 Conjure Ball Lightning   Conj/Air       #.........   100%        6    #######
 Deflect Missiles         Chrm/Air       #.........   100%        6    #######
 Iron Shot                Conj/Erth      #.........   100%        6    #######
 Shadow Creatures         Summ           N/A          100%        6    #######
 Tornado                  Air            #.........   100%        9    #######
 Sublimation of Blood     Necr           Unusable     N/A         2    N/A

Dungeon Overview and Level Annotations

Branches:
Dungeon (14/15)            Temple (1/1) D:5            Lair (6/6) D:9
 Shoals (4/4) Lair:4        Snake (0/4) Lair:4        Slime (0/5) Lair:6
    Orc (2/2) D:9             Elf (0/3) Orc:2        Vaults (0/5) D:14

Altars:
Ashenzari
Cheibriados
Dithmenos
Elyvilon
Fedhas
Gozag
Hepliaklqana
Kikubaaqudgha
Makhleb
Nemelex Xobeh
Okawaru
Qazlal
Ru
Sif Muna
Trog
Uskayaw
Vehumet
Wu Jian
Xom
Yredelemnul
Zin
The Shining One
Beogh
Jiyva

Shops:
D:10 :   D:14 (   Orc:1 ?   Orc:2 ?[?!?   Shoals:3 *   Shoals:4 :

Annotations:
D:2 1 runed translucent door, Crazy Yiuf
D:9 1 runed translucent door, diana's ghost, novice VSBe
Lair:1 exclusion: oklob plant
Shoals:1 2 runed translucent doors, shugdite's ghost, adept MiBe


Innate Abilities, Weirdness & Mutations

You are resistant to torment.
Your stone body is resilient. (AC +12)
You are immune to poison.
Your large and strong wings let you fly indefinitely.
You resist negative energy. (rN+)
You are resistant to electric shocks. (rElec)
You can survive without breathing.
You are immune to petrification.
You are immune to rotting.
Scrolls take you a little longer to read.
You are dopey. (Int -2)


Message History

The merfolk impaler barely misses you.
Unknown command.
Unknown command.
Unknown command.
Unknown command.
Okay, then.
Okay, then.
Okay, then.
You slice the merfolk avatar!!
The merfolk avatar is poisoned.
The merfolk avatar is moderately wounded.
A water elemental comes into view.
A faun comes into view. It is wielding a +0 quarterstaff.
The merfolk avatar chants its luring song.
The merfolk impaler hits you but does no damage.
The faun shoots a sling bullet.
The sling bullet hits you but does no damage.
You hear a splash.
The merfolk aquamancer casts a spell at you.
The shard of ice hits you!!
You die...

.P.......≈## #.../cP
..........#≈
#......##........#PP≈
#P...c.#.........≈≈≈≈ ..c
..P...c#.......≈≈≈≈≈##≈PP
≈..#.....≈≈≈.≈≈≈≈≈≈PP≈≈P.
≈.......≈≈≈≈≈c≈≈≈≈≈≈≈≈PPP
≈.........∩≈≈≈≈≈≈.....≈..
≈......)(≈@m≈m≈≈.c...(...
≈......c.≈≈m≈≈≈≈.........
........m...≈≈≈..<.......
.........................
..............E..........
...≈≈....((()..).E.......
.......######()()........
...###. #())....≈....
####...≈≈...≈


You could see a merfolk avatar, a merfolk impaler, 2 satyrs, a merfolk
aquamancer, a merfolk, 3 fauns and 2 water elementals.

Vanquished Creatures
  Saint Roka (Orc:2)
  A kraken (Shoals:1)
  Gastronok (Orc:1)
  Kirke (Shoals:3)
  Ilsuiw (Shoals:2)
  2 deep elf sorcerers (D:13)
  A reaper (Gauntlet)
  An entropy weaver (Gauntlet)
  A stone giant (Volcano)
  A minotaur (Gauntlet)
  Snorg (D:11)
  A merfolk javelineer (Shoals:4)
  An ice dragon (Lair:6)
  7 merfolk impalers
  Harold (D:10)
  The ghost of Pamiuf the Slicer, a journeyman KoSu of Ru (Lair:2)
  Fannar (D:10)
  4 vault guards (D:14)
  2 merfolk avatars
  8 hydras
  2 merfolk aquamancers
  Erica (Lair:2)
  A catoblepas (D:14)
  4 two-headed ogres
  A centaur warrior (D:13)
  3 vampire magi (D:13)
  5 satyrs
  Urug (D:10)
  7 orc high priests
  Nergalle (Lair:1)
  Sonja (Lair:5)
  4 skeletal warriors (D:14)
  An unseen horror (D:10)
  A death drake (Abyss:2)
  9 sea snakes
  15 harpies
  Pikel (D:5)
  4 deep elf magi (D:13)
  An orb spider (Abyss:2)
  2 cyclopes
  2 lindwurms (Lair:6)
  10 orc knights
  5 ugly things
  4 orc sorcerers
  3 wolf spiders
  15 fauns
  2 centaur zombies
  13 elephants
  12 manticores
  8 merfolk sirens
  Maurice (D:8)
  Psyche (D:9)
  2 molten gargoyles (Volcano)
  10 black mambas
  A guardian serpent (Lair:6)
  7 naga magi (D:13)
  4 water nymphs
  3 gargoyles
  15 spiny frogs
  5 torpor snails (Lair:6)
  An efreet (Volcano)
  3 komodo dragons
  2 hellwings (Gauntlet)
  2 kobold demonologists (D:11)
  A jumping spider (Gauntlet)
  A queen bee (shapeshifter) (D:14)
  2 trolls
  16 merfolk
  A polar bear (Lair:5)
  3 tyrant leeches (Lair:6)
  5 wind drakes
  12 hornets
  10 dream sheep
  6 snapping turtles
  11 hippogriffs
  29 blink frogs
  A meliai zombie (D:12)
  5 shadows
  8 water elementals (Shoals:2)
  4 wraiths
  3 redbacks
  A centaur simulacrum (D:14)
  A small abomination (Abyss:2)
  15 wyverns
  4 basilisks
  2 fire bats (Volcano)
  A fire elemental (Volcano)
  6 vampire mosquitoes
  Grum (D:11)
  3 hogs (Shoals:3)
  35 yaks
  3 hungry ghosts
  Edmund (D:5)
  8 wargs
  2 nagas (Lair:4)
  21 water moccasins
  7 porcupines
  A slave (D:5)
  Duvessa (D:4)
  59 orc warriors
  4 sky beasts
  A hornet zombie (D:14)
  2 ice beasts
  3 black bears
  11 ogres
  4 phantoms
  9 centaurs
  13 wolves
  10 crocodiles
  5 big kobolds
  20 bullfrogs
  An earth elemental (Volcano)
  5 scorpions
  Dowan (D:4)
  5 killer bees (D:11)
  3 vampire bats (D:5)
  3 howler monkeys
  7 crimson imps
  A bullfrog zombie (D:13)
  5 lava snakes (Volcano)
  2 quasits
  2 centaur skeletons (D:4)
  7 hounds
  3 human zombies (D:8)
  4 jellies
  A gnoll shaman (Orc:2)
  38 orc priests
  A bullfrog skeleton (D:9)
  2 human skeletons (D:8)
  2 iguanas (D:11)
  35 orc wizards
  4 hell rats (Lair:4)
  13 worker ants
  A hound skeleton (D:6)
  A hound zombie (D:10)
  4 mummies (D:8)
  A howler monkey zombie (D:11)
  A worker ant zombie (D:8)
  9 gnolls
  A howler monkey skeleton (D:5)
  12 adders
  4 shadow imps
  A white imp (Abyss:2)
  An ooze (D:3)
  An adder skeleton (D:6)
  A worm (D:4)
  3 dart slugs
  7 leopard geckos
  101 orcs
  2 ball pythons
  3 bat skeletons (D:5)
  2 bat zombies (D:5)
  7 giant cockroaches
  8 goblins
  18 hobgoblins
  18 jackals
  18 kobolds
  7 quokkas
  4 bats
  5 frilled lizards
  A jackal skeleton (D:5)
  5 rats
  2 fungi (Lair:6)
  2 plants
  2 tentacles (Shoals:1)
1004 creatures vanquished.

Vanquished Creatures (others)
  A starcursed mass (Abyss:2)
  A raiju (Abyss:2)
  A hound skeleton (D:5)
  An orc (D:14)
  A leopard gecko skeleton (D:5)
  30 fungi
  73 plants
  9 starspawn tentacles (Abyss:2)
  8 tentacles (Shoals:1)
125 creatures vanquished.

Grand Total: 1129 creatures vanquished

Notes
Turn   | Place    | Note
-------+----------+-------------------------------------------
     0 | D:1      | shadizar the Gargoyle Fighter began the quest for the Orb.
     0 | D:1      | Reached XP level 1. HP: 14/14 MP: 1/1
    21 | D:1      | Reached XP level 2. HP: 13/19 MP: 2/2
   525 | D:2      | Found a bloodstained altar of Trog.
   547 | D:2      | Reached XP level 3. HP: 14/24 MP: 3/3
   795 | D:2      | Reached skill level 4 in Fighting
  1075 | D:2      | You fall through a shaft for 2 floors!
  1079 | D:4      | Reached skill level 1 in Dodging
  1079 | D:4      | Reached XP level 4. HP: 29/29 MP: 4/4
  1082 | D:4      | Found a glowing golden altar of the Shining One.
  1091 | D:4      | Became a worshipper of the Shining One
  1146 | D:4      | Noticed Dowan
  1147 | D:4      | Noticed Duvessa
  1151 | D:5      | Entered Level 5 of the Dungeon
  1151 | D:5      | Noticed a big kobold
  1162 | D:5      | Killed a big kobold
  1162 | D:5      | Reached skill level 1 in Invocations
  1162 | D:5      | Reached XP level 5. HP: 7/34 MP: 5/5
  1570 | D:5      | Found an ancient bone altar of Kikubaaqudgha.
  1570 | D:5      | Reached * piety under the Shining One
  1583 | D:5      | Reached XP level 6. HP: 40/40 MP: 6/6
  1584 | D:5      | Reached skill level 5 in Fighting
  1623 | D:5      | Noticed a slave
  1646 | D:5      | Killed a slave
  1993 | D:5      | Noticed Edmund
  2057 | D:6      | Reached XP level 7. HP: 41/44 MP: 8/8
  2233 | D:6      | Reached ** piety under the Shining One
  2437 | D:6      | Reached skill level 6 in Fighting
  2442 | D:6      | Reached XP level 8. HP: 43/51 MP: 8/10
  2535 | D:6      | Found a shimmering altar of Xom.
  2630 | D:6      | Found an opulent altar of Gozag.
  2673 | D:5      | Killed Edmund
  2673 | D:5      | Reached skill level 5 in Armour
  2673 | D:5      | Reached skill level 5 in Shields
  2821 | D:5      | Noticed Pikel
  2834 | D:5      | Killed Pikel
  2834 | D:5      | Reached skill level 7 in Fighting
  2857 | D:5      | Found a staircase to the Ecumenical Temple.
  2908 | Temple   | Entered the Ecumenical Temple
  3253 | D:4      | Killed Dowan
  3253 | D:4      | Reached XP level 9. HP: 51/57 MP: 11/11
  3268 | D:4      | Killed Duvessa
  3725 | D:4      | Noticed a +0 hand axe
  3726 | D:4      | Noticed a +0 hand axe
  3729 | D:4      | Found a hide-covered altar of Uskayaw.
  4090 | D:3      | Found a deep blue altar of Sif Muna.
  4927 | D:2      | Found a runed translucent door.
  4928 | D:2      | Noticed Crazy Yiuf
  5187 | D:7      | Reached skill level 8 in Fighting
  5187 | D:7      | Reached skill level 5 in Maces & Flails
  5399 | D:7      | Found a blossoming altar of Fedhas.
  5477 | D:7      | Reached *** piety under the Shining One
  6071 | D:8      | Reached skill level 5 in Invocations
  6084 | D:8      | Found a basalt altar of Yredelemnul.
  6115 | D:8      | Reached XP level 10. HP: 65/65 MP: 13/13
  6127 | D:8      | Reached skill level 9 in Fighting
  6164 | D:8      | Found a hazy altar of Hepliaklqana.
  6174 | D:8      | Noticed Maurice
  6199 | D:8      | Killed Maurice
  6691 | D:9      | Noticed diana's ghost (novice VSBe)
  6692 | D:9      | Found a runed translucent door.
  6722 | D:9      | Found a staircase to the Orcish Mines.
  6842 | D:9      | Found a shattered altar of Ashenzari.
  6844 | D:9      | Found a snail-covered altar of Cheibriados.
  6844 | D:9      | Found a radiant altar of Vehumet.
  6955 | D:9      | Noticed Psyche
  6955 | D:9      | Reached **** piety under the Shining One
  6967 | D:9      | Killed Psyche
  7005 | D:9      | You fall through a shaft for 3 floors!
  7088 | D:10     | Entered Level 10 of the Dungeon
  7104 | D:10     | Noticed Fannar
  7145 | D:10     | Killed Fannar
  7145 | D:10     | Reached skill level 10 in Fighting
  7359 | D:10     | Noticed Harold
  7384 | D:10     | Killed Harold
  7384 | D:10     | Reached skill level 5 in Dodging
  7384 | D:10     | Reached XP level 11. HP: 69/72 MP: 15/15
  7649 | D:9      | Found a staircase to the Lair.
  7821 | D:10     | Found Adytunud's Book Emporium.
  7897 | D:10     | Noticed an unseen horror
  7915 | D:10     | Killed an unseen horror
  7968 | D:10     | Noticed a two-headed ogre
  7979 | D:10     | Killed a two-headed ogre
  8037 | D:10     | Noticed Urug
  8062 | D:10     | Killed Urug
  8236 | D:10     | Reached skill level 1 in Axes
  8250 | D:10     | Reached skill level 1 in Evocations
  8390 | D:11     | Reached skill level 11 in Fighting
  8432 | D:11     | Noticed Grum
  8456 | D:11     | Killed Grum
  8707 | D:11     | Reached ***** piety under the Shining One
  8722 | D:11     | Noticed a six-headed hydra
  8923 | D:11     | Killed a six-headed hydra
  8923 | D:11     | Reached XP level 12. HP: 45/80 MP: 14/17
  9146 | D:11     | Noticed Snorg
  9156 | D:11     | Killed Snorg
  9177 | D:11     | Noticed a six-headed hydra
  9184 | D:11     | Killed a six-headed hydra
  9804 | D:12     | Reached skill level 5 in Axes
  9894 | D:12     | Found a hide-covered altar of Uskayaw.
  9999 | D:12     | Noticed a two-headed ogre
 10037 | D:12     | Killed a two-headed ogre
 10101 | D:12     | Got a jewelled whip
 10442 | D:12     | Identified the +8 whip of Cakycoz {flame, *Rage Int+5} (You
                  | found it on level 12 of the Dungeon)
 10555 | Lair:1   | Entered Level 1 of the Lair of Beasts
 10992 | Lair:1   | Noticed Nergalle
 11007 | Lair:1   | Killed Nergalle
 11446 | Lair:2   | Reached XP level 13. HP: 80/85 MP: 18/18
 11542 | Lair:2   | Reached skill level 12 in Fighting
 11670 | Lair:2   | Noticed Erica
 11687 | Lair:2   | Killed Erica
 11687 | Lair:2   | Reached skill level 10 in Armour
 11881 | Lair:2   | Found a runed translucent door.
 11881 | Lair:2   | Noticed Pamiuf's ghost (journeyman KoSu)
 12035 | Lair:2   | Killed Pamiuf's ghost
 12045 | Lair:2   | Got a polished helmet
 12057 | Lair:2   | Identified the cursed -4 helmet of Orhu {rPois Dex+4 Slay-4
                  | Stlth+} (You found it on level 2 of the Lair of Beasts)
 12119 | Lair:3   | Reached skill level 10 in Shields
 12345 | Lair:3   | Reached skill level 5 in Evocations
 12526 | Lair:3   | Found a gate leading to a gauntlet.
 12535 | Gauntlet | Entered a Gauntlet
 12535 | Gauntlet | Found a transporter.
 12535 | Gauntlet | Found a transporter.
 12552 | Gauntlet | Found a transporter.
 12566 | Gauntlet | Found a transporter.
 12590 | Gauntlet | Found a transporter.
 12637 | Gauntlet | Noticed an entropy weaver
 12642 | Gauntlet | Found a transporter.
 12647 | Gauntlet | Noticed a reaper
 12652 | Gauntlet | Found a transporter.
 12656 | Gauntlet | Found a transporter.
 12666 | Gauntlet | Found a transporter.
 12773 | Gauntlet | Found a transporter.
 12882 | Gauntlet | Found a transporter.
 12900 | Gauntlet | Found a transporter.
 12920 | Gauntlet | Found a transporter.
 12936 | Gauntlet | Found a transporter.
 12939 | Gauntlet | Found a transporter.
 13050 | Gauntlet | Found a transporter.
 13186 | Gauntlet | Got a crude helmet
 13284 | Gauntlet | Killed an entropy weaver
 13368 | Gauntlet | Got a heavily runed bronze ring
 13624 | Gauntlet | Killed a reaper
 13643 | Gauntlet | Got a translucent brass ring
 13761 | Gauntlet | Noticed a minotaur
 13788 | Gauntlet | Killed a minotaur
 13798 | Gauntlet | Identified Junuhui's Reference Book on Torrid Battle Magic
 13847 | Lair:3   | Identified the cursed -4 helmet "Usomuire" {rElec rPois
                  | Str-5 Dex-3} (You found it in a Gauntlet)
 13847 | Lair:3   | Identified the ring of Cecycs {Fire Str+7 Int+2} (You found
                  | it in a Gauntlet)
 13849 | Lair:3   | Identified the ring "Bihayboje" {EV+3 Int+4 Dex+3} (You
                  | found it in a Gauntlet)
 14614 | Lair:4   | Found a dark tunnel.
 14634 | Volcano  | Entered a volcano
 14949 | Volcano  | Found a bloodstained altar of Trog.
 14967 | Volcano  | Gained mutation: Your large and strong wings let you fly
                  | indefinitely. [Gargoyle growth]
 14967 | Volcano  | Reached XP level 14. HP: 92/92 MP: 17/20
 14984 | Volcano  | Noticed a stone giant
 15003 | Volcano  | Killed a stone giant
 15520 | Lair:4   | Found a staircase to the Shoals.
 15636 | Lair:4   | Found a staircase to the Snake Pit.
 16144 | Lair:4   | Identified a scroll of acquirement
 16147 | Lair:4   | Got a heavily runed plate armour
 16160 | Lair:4   | Identified the +1 plate armour of Elyvilon's Pride {rPois
                  | Int+5} (You acquired it on level 4 of the Lair of Beasts)
 16540 | Lair:5   | Reached ****** piety under the Shining One
 16789 | Lair:5   | Noticed Sonja
 16801 | Lair:5   | Killed Sonja
 17221 | Lair:6   | Entered Level 6 of the Lair of Beasts
 17221 | Lair:6   | Found a staircase to the Slime Pits.
 17221 | Lair:6   | Found a viscous altar of Jiyva.
 17336 | Lair:5   | Reached skill level 13 in Fighting
 18389 | Lair:6   | Reached XP level 15. HP: 92/99 MP: 22/22
 18424 | Lair:6   | Reached skill level 10 in Invocations
 18950 | Lair:6   | Found a runed translucent door.
 19791 | Orc:1    | Entered Level 1 of the Orcish Mines
 19805 | Orc:1    | Noticed Gastronok
 20082 | Orc:1    | Killed Gastronok
 20189 | Orc:1    | Found a roughly hewn altar of Beogh.
 20283 | Orc:2    | Entered Level 2 of the Orcish Mines
 20283 | Orc:2    | Found a staircase to the Elven Halls.
 20434 | Orc:2    | Noticed Saint Roka
 20478 | Orc:2    | Killed Saint Roka
 20499 | Orc:2    | HP: 5/100 [orc priest/divine providence (15)]
 20501 | Orc:2    | The Shining One protects you from harm!
 20848 | Orc:2    | Gained mutation: You are dopey. (Int -2) [a neqoxec]
 20852 | Orc:2    | Gained mutation: Scrolls take you a little longer to read.
                  | [a neqoxec]
 21105 | Orc:2    | Found Cufaskero's Magic Scroll Shop.
 21153 | Orc:2    | Bought a scroll of blinking for 112 gold pieces
 21773 | Orc:2    | Found Wocez's Antique Armour Shop.
 21774 | Orc:2    | Found Ypiptel's Magic Scroll Shop.
 21774 | Orc:2    | Found Ranyitont's Distillery.
 21775 | Orc:2    | Found Acug's Magic Scroll Shop.
 21784 | Orc:2    | Bought a potion of heal wounds for 70 gold pieces
 21785 | Orc:2    | Bought a pair of dazzling boots for 266 gold pieces
 21785 | Orc:2    | Bought a glowing cloak for 210 gold pieces
 21800 | Orc:2    | Identified the +2 pair of boots "Pekk" {Int+4 Dex+4} (You
                  | bought it in a shop on level 2 of the Orcish Mines)
 22118 | Orc:1    | Found Umagezul's Magic Scroll Emporium.
 22126 | Orc:1    | Reached XP level 16. HP: 73/105 MP: 15/24
 22584 | D:13     | Reached skill level 14 in Fighting
 23014 | D:13     | Identified Vehumet's Collected Works on Conjuration
 23048 | D:13     | Found a deep blue altar of Sif Muna.
 23103 | D:13     | Cast into level 2 of the Abyss (a deep elf sorcerer)
 23214 | Abyss:2  | Noticed a tentacled starspawn
 23216 | Abyss:2  | Noticed a tentacled starspawn
 23281 | Abyss:2  | Noticed a tentacled starspawn
 23562 | D:13     | Escaped the Abyss
 23600 | D:13     | Identified the Incunabulum of Sinister Creation
 23621 | D:13     | Identified the Grimoire of the Cankerous Blaze
 23623 | D:13     | Identified the Guide on the Captivating Voyage
 23703 | D:13     | Got a steaming falchion
 23962 | D:14     | Found a gate to the Vaults.
 24067 | D:14     | Found a shadowy altar of Dithmenos.
 24259 | D:14     | Found Emimna's Antique Weapon Boutique.
 24664 | Shoals:1 | Entered Level 1 of the Shoals
 24923 | Shoals:1 | Noticed a kraken
 24963 | Shoals:1 | Killed a kraken
 25355 | Shoals:1 | Reached XP level 17. HP: 101/112 MP: 25/25
 25388 | Shoals:1 | Found a large runed translucent door.
 25389 | Shoals:1 | Found a large runed translucent door.
 25397 | Shoals:1 | Noticed shugdite's ghost (adept MiBe)
 26082 | Shoals:2 | Reached skill level 10 in Axes
 26083 | Shoals:2 | Noticed Ilsuiw
 26155 | Shoals:2 | Killed Ilsuiw
 26838 | Shoals:3 | Noticed Kirke
 26854 | Shoals:3 | Killed Kirke
 26874 | Shoals:3 | Found Urizyfer's General Store.
 27038 | Shoals:3 | Reached skill level 15 in Fighting
 27603 | Shoals:4 | Entered Level 4 of the Shoals
 27603 | Shoals:4 | Found Jaremmot's Book Emporium.
 27745 | Shoals:4 | Killed from afar by a merfolk aquamancer

Skill      XL: |  1  2  3  4  5  6  7  8  9 10 11 12 13 14 15 16 17 |
---------------+----------------------------------------------------+-----
Fighting       | 4 5 6 7 8 10 11 12 13 14 15 | 15.1
Dodging        | 1 2 3 4 5 6 7 8 9 |  9.8
Armour         | 4 5 6 7 8 9 10 11 12 13 | 13.6
Shields        | 4 5 6 7 8 9 10 11 12 13 | 13.6
Invocations    | 1 2 3 5 6 7 8 9 10 11 12 | 12.4
Maces & Flails | 3 4 5 6 7 9 |  9.8
Axes           | 3 6 7 8 9 10 | 10.4
Evocations     | 2 4 5 7 |  7.3

Action                   |  1- 3 |  4- 6 |  7- 9 | 10-12 | 13-15 | 16-18 || total
-------------------------+-------+-------+-------+-------+-------+-------++-------
Melee: Flail             |   122 |    98 |   359 |   481 |       |       ||  1060
       War axe           |       |       |       |   114 |   347 |   755 ||  1216
       Whip              |       |       |       |   118 |  1209 |    96 ||  1423
Invok: Divine Shield     |       |       |       |     4 |    26 |    19 ||    49
       Cleansing Flame   |       |       |       |       |     5 |    14 ||    19
 Abil: Fly               |       |       |       |       |     1 |       ||     1
       Evoke Berserk Rag |       |       |       |       |       |     1 ||     1
  Use: Potion            |       |       |     1 |     7 |    13 |     1 ||    22
       Scroll            |       |       |       |    16 |    13 |     5 ||    34
  Eat: Chunk             |     1 |     3 |    12 |    18 |    30 |    20 ||    84
       Ration            |       |       |     1 |       |     3 |     1 ||     5
Armor: Scale mail        |    98 |    72 |    93 |       |       |       ||   263
       Chain mail        |       |       |    83 |   279 |       |       ||   362
       Plate armour      |       |       |       |   174 |   756 |   530 ||  1460
Dodge: Dodged            |    52 |    37 |   101 |   215 |   576 |   528 ||  1509
Block: Shield            |    81 |    57 |   196 |   503 |  1439 |  1082 ||  3358
